 Dungeon Sprint DCSS version 0.28-a0-1429-gf3d713df7a (webtiles) character file.

Game seed: 8431032646953553105

46918 mhtbhm the Swordmaster (level 14, -4/165 HPs)
             Began as a Minotaur Berserker on Jan 8, 2022.
             Was the Champion of Trog.
             Slain by a rakshasa (10 damage)
             ... in the Dungeon (Sprint IX: "|||||||||||||||||||||||||||||").
             The game lasted 00:08:20 (4489 turns).

mhtbhm the Swordmaster (Minotaur Berserker)         Turns: 4489, Time: 00:08:20

Health: -4/165     AC: 30    Str: 33    XL:     14   Next: 6%
Magic:  13/13      EV: 13    Int:  4    God:    Trog [******]
Gold:   140        SH:  5    Dex: 13    Spells: 13/13 levels left

rFire   + . .      SeeInvis .   a - +11 great sword of Okluq {flame, rF+ Dex+3}
rCold   . . .      Faith    .   (shield currently unavailable)
rNeg    . . .      Spirit   .   b - +3 plate armour {rPois}
rPois   +          Reflect  +   (helmet restricted)
rElec   .          Harm     .   m - +0 cloak
rCorr   .          Rampage  .   u - +0 pair of gloves
Will    +....      NoTele   +   v - +0 pair of boots
Stlth   ..........              z - amulet of reflection
HPRegen 0.37/turn               A - +6 ring of strength
MPRegen 0.13/turn               k - +2 ring of protection

@: on berserk cooldown, slowed, very slow
A: horns 2, retaliatory headbutt
a: Renounce Religion, Berserk, Trog's Hand, Brothers in Arms


You were in the Dungeon.
You worshipped Trog.
Trog was exalted by your worship.
You visited 1 branch You collected 1920 gold pieces.
You spent 1780 gold pieces at shops.

Inventory:

Hand Weapons
 a - the +11 great sword of Okluq (weapon) {flame, rF+ Dex+3}
   (Trog gifted it to you in the Dungeon)

   It burns those it strikes, dealing additional fire damage.
   Big, fiery blades are also staple armaments of hydra-hunters.
   Dex:       It affects your dexterity (+3).
   rF:        It protects you from fire.
 n - a +1 vorpal triple sword
 s - a +4 double sword of flaming
Missiles
 t - a throwing net (quivered)
 x - 2 javelins
Armour
 b - a +3 plate armour of poison resistance (worn)
 m - a +0 cloak (worn)
 u - a +0 pair of gloves (worn)
 v - a +0 pair of boots (worn)
Jewellery
 k - a +2 ring of protection (right hand)
 l - a ring of willpower
 z - an amulet of reflection (around neck)
 A - a +6 ring of strength (left hand)
 B - a ring of poison resistance
 C - a ring of protection from fire
 D - a ring of willpower
Wands
 j - a wand of acid (5)
Scrolls
 h - 3 scrolls of blinking
 p - 4 scrolls of enchant weapon
 q - 3 scrolls of fear
 r - 6 scrolls of enchant armour
 w - a scroll of magic mapping
 G - a scroll of identify
 H - a scroll of fog
Potions
 c - 7 potions of curing
 d - 6 potions of heal wounds
 e - 2 potions of haste
 f - 4 potions of magic
 g - a potion of berserk rage
 i - a potion of invisibility
 o - 2 potions of mutation
 E - a potion of might
 F - a potion of resistance
 I - a potion of flight {unknown}
Miscellaneous
 y - a box of beasts


   Skills:
 + Level 26.0 Fighting
 O Level 27 Long Blades
 + Level 21.6 Armour
 + Level 10.9 Dodging
 + Level 4.9 Stealth
 + Level 7.4 Shields
 + Level 3.8 Evocations


You had 13 spell levels left.
You didn't know any spells.
Your spell library was empty.

Dungeon Overview and Level Annotations

Branches:
Dungeon (1/1)

Altars:
Cheibriados
Dithmenos
Elyvilon
Fedhas
Gozag
Hepliaklqana
Kikubaaqudgha
Makhleb
Nemelex Xobeh
Okawaru
Qazlal
Ru
Sif Muna
Trog
Uskayaw
Vehumet
Wu Jian
Xom
Yredelemnul
Zin
The Shining One
Beogh
Jiyva
Lugonu

Shops:
D (*=(


Innate Abilities, Weirdness & Mutations

You have a pair of horns on your head.
You reflexively headbutt those who attack you in melee.


Message History

The deep troll shaman claws you but does no damage.
The deep troll shaman completely misses you.
The rakshasa barely misses you.
The deep troll shaman bites you but does no damage.
The deep troll shaman claws you!
* * * LOW HITPOINT WARNING * * *
The deep troll shaman claws you!
* * * LOW HITPOINT WARNING * * *
You slash the deep troll shaman! You burn the deep troll shaman.
Your headbutt misses the deep troll shaman.
The deep troll shaman is almost dead.
An ice dragon comes into view.
The deep troll shaman closely misses you.
The deep troll shaman claws you!
* * * LOW HITPOINT WARNING * * *
The deep troll shaman claws you but does no damage.
The rakshasa hits you but does no damage.
Unknown command.
You barely miss the deep troll shaman.
The deep troll shaman is almost dead.
The deep troll shaman bites you but does no damage.
The deep troll shaman claws you.
* * * LOW HITPOINT WARNING * * *
The deep troll shaman claws you.
* * * LOW HITPOINT WARNING * * *
The rakshasa hits you from afar with a +0 trident.
* * * LOW HITPOINT WARNING * * *
You block the deep troll shaman's attack.
The deep troll shaman claws you but does no damage.
The deep troll shaman completely misses you.
Unknown command.
You feel much better.
The radroach changes into a fire dragon!
The deep troll shaman bites you but does no damage.
The deep troll shaman claws you!
* * * LOW HITPOINT WARNING * * *
The deep troll shaman claws you!
* * * LOW HITPOINT WARNING * * *
The rakshasa hits you from afar with a +0 trident!
You die...

▓.▓.▓.▓[▓.▓)▓)▓.
▓.▓.▓.▓.▓[▓.▓[▓.▓.
▓.▓.▓)▓.▓[▓.▓'▓.▓.
▓D▓.▓.▓.▓[▓.▓)▓)▓.
▓C▓.▓'▓.▓[▓.▓.▓.▓.
▓.▓.▓)▓.▓[▓.▓.▓.▓÷
▓D▓.▓.▓.▓.▓.▓.▓.▓.
▓T▓.▓.▓.▓)▓)▓.▓.▓†
▓@▓.▓)▓.▓)▓)▓)▓.▓)
▓)▓.▓)▓.▓)▓.▓)▓.▓.
▓R▓.▓)▓.▓)▓.▓)▓.▓.
▓)▓.▓÷▓.▓)▓.▓)▓.▓.
▓)▓.▓)▓.▓)▓.▓)▓.▓.
▓.▓.▓)▓.▓)▓.▓)▓.▓.
▓.▓.▓'▓.▓)▓.▓)▓.▓.
▓.▓.▓.▓†▓.▓.▓)▓.▓:
▓.▓.▓.▓.▓.▓.▓'▓.▓.


You could see a fire giant, a fire dragon shaped shifter, an ice dragon, a
rakshasa and a deep troll shaman (fast, strong).

Vanquished Creatures
  Saint Roka (D)
  A lich (D)
  A nagaraja (D)
  2 very ugly things (D)
  An eleionoma (D)
  A bunyip (D)
  An entropy weaver (D)
  Snorg (D)
  2 ice dragons (D)
  A naga warrior (D)
  3 hydras (D)
  A spriggan air mage (D)
  A centaur warrior (D)
  2 two-headed ogres (D)
  An alligator snapping turtle (D)
  2 alligators (D)
  2 deep troll shamans (D)
  A deep troll earth mage (D)
  2 tengu warriors (D)
  A shock serpent (D)
  Nergalle (D)
  2 sea snakes (D)
  An orb spider (D)
  A sun moth (D)
  A skeletal warrior (D)
  A swamp dragon (D)
  A naga ritualist (D)
  8 orc knights (D)
  A harpy (D)
  A wizard (D)
  2 orc sorcerers (D)
  A wolf spider (D)
  A manticore (D)
  A cyclops (D)
  A will-o-the-wisp (D)
  2 merfolk sirens (D)
  A moth of wrath (D)
  A moth of wrath (shapeshifter) (D)
  A water nymph (D)
  6 black mambas (D)
  Joseph (D)
  2 cane toads (D)
  A kobold demonologist (D)
  A yaktaur (shapeshifter) (D)
  A komodo dragon (D)
  2 yaktaurs (D)
  A bloated husk (D)
  2 merfolk (D)
  A tyrant leech (D)
  A polar bear (D)
  4 blink frogs (D)
  3 culicivoras (D)
  A vampire (D)
  2 wyverns (D)
  A yak (D)
  2 basilisks (D)
  A redback (D)
  Grum (D)
  2 vampire mosquitoes (D)
  5 water moccasins (D)
  14 orc warriors (D)
  5 wolves (D)
  A centaur (D)
  4 bullfrogs (D)
  4 orc priests (D)
  An iguana (D)
  3 orc wizards (D)
  A hell rat (D)
  A white imp (D)
  An adder zombie (D)
  A dart slug (D)
  12 orcs (D)
  A bat skeleton (D)
  2 kobolds (D)
  A quokka (D)
  A ball python (D)
  A quokka zombie (D)
152 creatures vanquished.

Vanquished Creatures (collateral kills)
  A stone giant (D)
  A fire dragon (D)
  A tengu warrior (D)
  4 orc knights (D)
  An orc warrior (D)
8 creatures vanquished.

Vanquished Creatures (others)
  A fire giant (D)
1 creature vanquished.

Grand Total: 161 creatures vanquished

Notes
Turn   | Place    | Note
-------+----------+-------------------------------------------
     0 | D        | mhtbhm the Minotaur Berserker began the quest for the Orb.
     0 | D        | Reached XP level 1. HP: 19/19 MP: 0/0
     6 | D        | Reached skill level 4 in Long Blades
    11 | D        | Reached ** piety under Trog
   335 | D        | Noticed an iguana
   337 | D        | Reached XP level 2. HP: 28/28 MP: 1/1
   338 | D        | Reached *** piety under Trog
   339 | D        | Reached skill level 5 in Long Blades
   349 | D        | Reached skill level 5 in Fighting
   349 | D        | Reached skill level 6 in Long Blades
   349 | D        | Reached XP level 3. HP: 18/37 MP: 2/2
   361 | D        | Found a snail-covered altar of Cheibriados.
   361 | D        | Found a shadowy altar of Dithmenos.
   361 | D        | Found a white marble altar of Elyvilon.
   361 | D        | Found a blossoming altar of Fedhas.
   361 | D        | Found an opulent altar of Gozag.
   362 | D        | Found a hazy altar of Hepliaklqana.
   363 | D        | Found a viscous altar of Jiyva.
   364 | D        | Found an ancient bone altar of Kikubaaqudgha.
   365 | D        | Found a corrupted altar of Lugonu.
   366 | D        | Found a burning altar of Makhleb.
   367 | D        | Found a sparkling altar of Nemelex Xobeh.
   368 | D        | Found an iron altar of Okawaru.
   369 | D        | Found a stormy altar of Qazlal.
   370 | D        | Found a sacrificial altar of Ru.
   371 | D        | Found a shimmering blue altar of Sif Muna.
   372 | D        | Found a bloodstained altar of Trog.
   373 | D        | Found a hide-covered altar of Uskayaw.
   374 | D        | Found a radiant altar of Vehumet.
   375 | D        | Found an ornate altar of the Wu Jian Council.
   376 | D        | Found a shimmering altar of Xom.
   377 | D        | Found a basalt altar of Yredelemnul.
   378 | D        | Found a glowing silver altar of Zin.
   379 | D        | Found a glowing golden altar of the Shining One.
   601 | D        | Noticed a centaur
   601 | D        | Noticed a two-headed ogre
   601 | D        | Noticed an orc warrior
   610 | D        | Killed an orc warrior
   610 | D        | Reached **** piety under Trog
   611 | D        | Reached skill level 8 in Long Blades
   611 | D        | Reached skill level 1 in Stealth
   611 | D        | Reached XP level 4. HP: 48/48 MP: 3/3
   611 | D        | Reached XP level 5. HP: 53/53 MP: 4/4
   618 | D        | Killed a two-headed ogre
   619 | D        | Reached skill level 13 in Long Blades
   619 | D        | Reached XP level 6. HP: 66/68 MP: 5/5
   619 | D        | Reached XP level 7. HP: 72/74 MP: 6/6
   629 | D        | Reached ***** piety under Trog
   737 | D        | Noticed a vampire
   737 | D        | Noticed a two-headed ogre
   737 | D        | Noticed a vampire mosquito
   737 | D        | Noticed a manticore
   737 | D        | Noticed a kobold demonologist
   737 | D        | Noticed a cyclops
   743 | D        | Killed a cyclops
   744 | D        | Reached skill level 14 in Long Blades
   744 | D        | Reached XP level 8. HP: 85/85 MP: 7/7
   750 | D        | Noticed a red devil
   752 | D        | Killed a kobold demonologist
   752 | D        | Received a gift from Trog
   757 | D        | Killed a manticore
   758 | D        | Reached skill level 15 in Long Blades
   763 | D        | Killed a two-headed ogre
   764 | D        | Reached skill level 16 in Long Blades
   764 | D        | Reached XP level 9. HP: 96/96 MP: 8/8
  1081 | D        | Noticed a black mamba
  1087 | D        | Noticed a polar bear
  1091 | D        | Reached skill level 15 in Fighting
  1091 | D        | Reached skill level 17 in Long Blades
  1095 | D        | Killed a black mamba
  1097 | D        | Received a gift from Trog
  1099 | D        | Reached skill level 10 in Armour
  1103 | D        | Killed a polar bear
  1110 | D        | Reached skill level 18 in Long Blades
  1110 | D        | Reached XP level 10. HP: 107/107 MP: 9/9
  1179 | D        | Noticed a four-headed hydra
  1183 | D        | Killed a five-headed hydra
  1183 | D        | Reached ****** piety under Trog
  1184 | D        | Reached skill level 10 in Dodging
  1185 | D        | Identified the +11 great sword of Okluq {flame, rF+ Dex+3}
                  | (Trog gifted it to you in the Dungeon)
  1185 | D        | Received a gift from Trog
  1203 | D        | Reached skill level 19 in Long Blades
  1454 | D        | Noticed a cane toad
  1455 | D        | Noticed a cane toad
  1456 | D        | Received a gift from Trog
  1459 | D        | Killed a cane toad
  1462 | D        | Killed a cane toad
  1597 | D        | Noticed Joseph
  1609 | D        | Killed Joseph
  1610 | D        | Reached skill level 20 in Long Blades
  1693 | D        | Noticed an orc knight
  1699 | D        | Killed an orc knight
  1700 | D        | Reached XP level 11. HP: 56/117 MP: 10/10
  1713 | D        | Received a gift from Trog
  2008 | D        | Noticed an orc sorcerer
  2008 | D        | Noticed an orc knight
  2011 | D        | Noticed an orc knight
  2015 | D        | Noticed an orc knight
  2020 | D        | Killed an orc knight
  2020 | D        | Received a gift from Trog
  2021 | D        | Killed an orc sorcerer
  2027 | D        | Noticed an orc sorcerer
  2028 | D        | Noticed a sixfirhy
  2030 | D        | Killed an orc knight
  2031 | D        | Reached skill level 21 in Long Blades
  2033 | D        | Killed an orc knight
  2034 | D        | Reached skill level 1 in Evocations
  2045 | D        | Killed an orc sorcerer
  2284 | D        | Found Xiulom's Weapon Boutique.
  2284 | D        | Noticed an orc knight
  2284 | D        | Noticed an orc knight
  2284 | D        | Noticed an orc knight
  2284 | D        | Noticed an orc knight
  2284 | D        | Noticed an orc knight
  2285 | D        | Noticed an orc knight
  2288 | D        | Killed an orc knight
  2289 | D        | Found Ituthrit's Jewellery Shop.
  2291 | D        | Noticed an orc knight
  2292 | D        | Killed an orc knight
  2292 | D        | Identified the +6 scimitar of the People {flame, *Corrode
                  | +Blink Dex+8} (Trog gifted it to you in the Dungeon)
  2292 | D        | Received a gift from Trog
  2293 | D        | Reached skill level 15 in Armour
  2293 | D        | Noticed an orc knight
  2297 | D        | Killed an orc knight
  2298 | D        | Found Jesa's General Store.
  2301 | D        | Killed an orc knight
  2302 | D        | Reached skill level 22 in Long Blades
  2304 | D        | Killed an orc knight
  2308 | D        | Killed an orc knight
  2313 | D        | Killed an orc knight
  2320 | D        | Killed an orc knight
  2320 | D        | Received a gift from Trog
  2778 | D        | Found Qeisicrie's Antique Weapon Shop.
  2836 | D        | Bought a scroll of magic mapping for 42 gold pieces
  2840 | D        | Bought 2 javelins for 19 gold pieces
  2840 | D        | Bought a box of beasts for 480 gold pieces
  2842 | D        | Bought an amulet of reflection for 420 gold pieces
  2842 | D        | Bought a +6 ring of strength for 819 gold pieces
  2912 | D        | Noticed Grum
  2924 | D        | Killed Grum
  2925 | D        | Received a gift from Trog
  3013 | D        | Noticed a tengu warrior
  3013 | D        | Noticed a skeletal warrior
  3016 | D        | Killed a skeletal warrior
  3017 | D        | Reached XP level 12. HP: 132/132 MP: 11/11
  3018 | D        | Killed a tengu warrior
  3018 | D        | Noticed a centaur warrior
  3021 | D        | Reached skill level 23 in Long Blades
  3022 | D        | Noticed a brown very ugly thing
  3023 | D        | Noticed a spriggan air mage
  3026 | D        | Noticed a deep troll shaman
  3029 | D        | Noticed a tengu warrior
  3030 | D        | Killed a centaur warrior
  3030 | D        | Received a gift from Trog
  3031 | D        | Noticed a fire dragon
  3033 | D        | Killed a brown very ugly thing
  3041 | D        | Killed a spriggan air mage
  3043 | D        | Killed a deep troll shaman
  3043 | D        | Noticed a stone giant
  3050 | D        | Killed a tengu warrior
  3050 | D        | Received a gift from Trog
  3051 | D        | Killed a fire dragon
  3052 | D        | Reached skill level 24 in Long Blades
  3053 | D        | Killed a stone giant
  3054 | D        | Reached skill level 1 in Shields
  3446 | D        | Noticed Snorg
  3455 | D        | Killed Snorg
  3487 | D        | Noticed an alligator snapping turtle
  3493 | D        | Killed an alligator snapping turtle
  3498 | D        | Received a gift from Trog
  3561 | D        | Noticed an entropy weaver
  3569 | D        | Killed an entropy weaver
  3569 | D        | Identified the +4 triple sword "Waciar" {antimagic, rCorr
                  | SInv Stlth-} (Trog gifted it to you in the Dungeon)
  3569 | D        | Received a gift from Trog
  3570 | D        | Reached XP level 13. HP: 146/146 MP: 12/12
  3573 | D        | Reached skill level 25 in Long Blades
  3585 | D        | Identified the +9 great sword "Eguunoru" {vorpal, rPois
                  | Dex+3} (Trog gifted it to you in the Dungeon)
  3585 | D        | Received a gift from Trog
  3835 | D        | Received a gift from Trog
  3838 | D        | Noticed a nagaraja
  3851 | D        | Killed a nagaraja
  3854 | D        | Received a gift from Trog
  4005 | D        | Noticed an eleionoma
  4011 | D        | Killed an eleionoma
  4012 | D        | Reached skill level 26 in Long Blades
  4012 | D        | Noticed a bunyip
  4019 | D        | Reached skill level 5 in Shields
  4022 | D        | Received a gift from Trog
  4028 | D        | Killed a bunyip
  4270 | D        | Noticed Saint Roka
  4277 | D        | Killed Saint Roka
  4280 | D        | Received a gift from Trog
  4418 | D        | Noticed Nergalle
  4427 | D        | Killed Nergalle
  4458 | D        | Noticed a brown very ugly thing
  4458 | D        | Noticed a fire giant
  4458 | D        | Noticed a lich
  4462 | D        | Killed a lich
  4462 | D        | Identified the +1 demon blade of Wuiw {flame, rC+++} (Trog
                  | gifted it to you in the Dungeon)
  4462 | D        | Received a gift from Trog
  4467 | D        | Reached skill level 27 in Long Blades
  4468 | D        | Killed a fire giant
  4471 | D        | Killed a brown very ugly thing
  4475 | D        | Reached XP level 14. HP: 144/163 MP: 13/13
  4482 | D        | Noticed a broodmother
  4482 | D        | an entropy weaver changed into a broodmother
  4484 | D        | a broodmother changed into a radroach
  4485 | D        | Identified the +7 great sword of Execution {vorpal, rC+
                  | SInv} (Trog gifted it to you in the Dungeon)
  4485 | D        | Received a gift from Trog
  4485 | D        | Noticed a fire giant
  4489 | D        | HP: 6/165 [deep troll shaman (16)]
  4489 | D        | Slain by a rakshasa

Illustrated notes

Levels and vault maps discovered:
D:        linesprint [early_d, line_temple, items_1, d_10, items_2, lair_1,
          lair_end, items_3, orc_1, orc_end, items_4, d_15, swamp_1, shoals_1,
          snake_1, spider_1, d_20, vaults_1, items_5, swamp_end, shoals_end,
          snake_end, spider_end, vaults_end, d_27, items_6, zot_1, zot_end,
          crypt_end, forest_end, elf_end, slime_end, tomb_end, abyss_end,
          pan_hell_end]

Skill      XL: |  1  2  3  4  5  6  7  8  9 10 11 12 13 14 |
---------------+-------------------------------------------+-----
Fighting       | 4 5 7 11 12 14 15 17 19 22 25 26 | 26.0
Long Blades    | 4 6 8 13 14 16 18 20 22 24 27 | 27.0
Armour         | 3 4 6 7 9 10 13 16 18 21 | 21.6
Dodging        | 3 4 6 7 9 10 | 10.9
Stealth        | 1 2 3 4 |  4.9
Evocations     | 2 3 |  3.8
Shields        | 2 7 |  7.4

Action                   |  1- 3 |  4- 6 |  7- 9 | 10-12 | 13-15 || total
-------------------------+-------+-------+-------+-------+-------++-------
Melee: Falchion          |    32 |       |       |       |       ||    32
       Headbutt          |     3 |       |     8 |    30 |    20 ||    61
       Scimitar          |     8 |     7 |    60 |       |       ||    75
       Punch             |       |       |     1 |       |       ||     1
       Great sword       |       |       |       |   162 |   115 ||   277
       Triple sword      |       |       |       |    22 |       ||    22
Invok: Berserk           |     1 |       |     2 |     5 |     2 ||    10
       Brothers in Arms  |       |       |       |     3 |       ||     3
Evoke: Wand              |       |       |       |     4 |     1 ||     5
  Use: Potion            |       |       |       |     1 |     1 ||     2
Armor: Animal skin       |     5 |       |       |       |       ||     5
       Chain mail        |     2 |     1 |    19 |    24 |       ||    46
       Plate armour      |       |       |       |    43 |    34 ||    77
Dodge: Dodged            |    17 |     2 |    13 |    79 |    37 ||   148
Block: Other             |       |       |       |    12 |    17 ||    29

Table legend: (Time is in decaauts)
 A = Elapsed time spent in this place.
 B = Non-inter-level travel time spent in this place.
 C = Inter-level travel time spent in this place.
 D = Time resting spent in this place.
 E = Time spent auto-exploring this place.
 F = Levels seen in this place.
 G = Mean time per level.
                   A        B        C        D        E       F      G
               +--------+--------+--------+--------+--------+-----+--------+
         Total |   4424 |   4424 |      0 |   2671 |    324 |   1 | 4424.0 |
       Dungeon |   4424 |   4424 |      0 |   2671 |    324 |   1 | 4424.0 |
               +--------+--------+--------+--------+--------+-----+--------+

Top non-repeatable levels by time:
       D: 4424 daAuts
